 Dungeon Crawl Stone Soup version 0.29-a0-111-gbaf749a769 (webtiles) character file.

Game seed: 11325418775971585720

4 kae the Ruffian (level 1, -1/16 HPs)
             Began as a Draconian Transmuter on Feb 17, 2022.
             Succumbed to a kobold's poison
             ... on level 1 of the Dungeon.
             The game lasted 00:00:06 (215 turns).

kae the Ruffian (Draconian Transmuter)               Turns: 215, Time: 00:00:06

Health: -1/16      AC:  4    Str: 12    XL:     1   Next: 58%
Magic:  2/3        EV: 12    Int: 13    God:
Gold:   23         SH:  0    Dex: 11    Spells: 3/4 levels left

rFire   . . .      SeeInvis .     - Unarmed
rCold   . . .      Faith    .   (no shield)
rNeg    . . .      Spirit   .   (armour unavailable)
rPois   .          Reflect  .   (helmet currently unavailable)
rElec   .          Harm     .   (no cloak)
rCorr   .          Rampage  .   (no gloves)
Will    .....                   (boots currently unavailable)
Stlth   +.........              (no amulet)
HPRegen 0.05/turn               (no ring)
MPRegen 0.08/turn               (no ring)

@: lethally poisoned (-1 -> -13), appendages (expiring)
A: horns 2, talons 2, AC +4, unfitting armour, cold-blooded
a: End Transformation


You were on level 1 of the Dungeon.
You had temporarily grown beastly horns and talons.
You visited 1 branch of the dungeon, and saw 1 of its levels.

You collected 23 gold pieces.

Inventory:

Scrolls
 a - a scroll of identify {unknown}
 b - a scroll of magic mapping {unknown}


   Skills:
 + Level 1.1 Fighting
 + Level 1.8 Dodging
 * Level 3.1 Unarmed Combat
 + Level 2.0 Spellcasting
 * Level 2.1 Transmutations


You had 3 spell levels left.
You knew the following spells:

 Your Spells              Type           Power      Damage    Failure   Level
a - Beastly Appendage     Tmut           12%        N/A       11%         1

Your spell library contained the following spells:

 Spells                   Type           Power      Damage    Failure   Level
 Wereblood                Tmut           6%         N/A       16%         2
 Spider Form              Tmut/Pois      4%         N/A       45%         3
 Ice Form                 Ice/Tmut       4%         N/A       86%         4


Dungeon Overview and Level Annotations

Branches:
Dungeon (1/15)

Altars:


Innate Abilities, Weirdness & Mutations

You have temporarily grown beastly horns and talons.
Your plain brown scales are hard. (AC +4)
You cannot fit into any form of body armour.
You are cold-blooded and may be slowed by cold attacks.


Message History

A kobold is nearby!
A bat comes into view.
You hit the kobold.
You tail-slap the kobold, but do no damage.
The kobold is heavily wounded.
The bat misses you.
The kobold hits you with a +0 dagger of venom.
You are poisoned.
The bat hits you.
There are monsters nearby!
Casting: Beastly Appendage (safe; 11% risk of failure)
Confirm with . or Enter, or press ? or * to list all spells.
You grow a pair of large bovine horns.
Your feet morph into talons.
You feel very sick. The bat hits you but does no damage. x2
The kobold hits you with a +0 dagger of venom.
You feel sick. The bat hits you but does no damage.
The kobold hits you with a +0 dagger of venom.
You are more poisoned.
There is a lethal amount of poison in your body!
You are too injured to fight recklessly!
You are too injured to fight recklessly!
There is a lethal amount of poison in your body!
You are too injured to fight recklessly!
You are too injured to fight recklessly!
There is a lethal amount of poison in your body!
You are too injured to fight recklessly!
You are too injured to fight recklessly!
There is a lethal amount of poison in your body!
You are too injured to fight recklessly!
You are too injured to fight recklessly!
You closely miss the kobold. Your headbutt misses the kobold.
Your tail-slap misses the kobold.
The kobold is heavily wounded.
* * * LOW HITPOINT WARNING * * *
You feel very sick. The bat barely misses you. The kobold misses you.
You aren't carrying any potions.
Your transformation is almost over.
You die...

####..# ##.###.....#
).....# #....#.....#
..###.# #....#.....#
..# #.###....#.....#
.##
#........#.....######
.#
#...##'###.(.........
.# #...##.#
#....K...# .#
#.#.##.# #....b...#
.# #.#..#.#
###@#....# .#
#.#..#.#####.#....#
.#
#.#..#.##....#....#
.#
..#..#.##.####....#
.#.##.#..#.##.# ....#
.#.####.......# ....#
.........#.#### #####
...[#.#..#.# #..#....
#.#


You could see a bat and a kobold.

Vanquished Creatures
  A goblin (D:1)
  2 hobgoblins (D:1)
  A rat (D:1)
4 creatures vanquished.

Notes
Turn   | Place    | Note
-------+----------+-------------------------------------------
     0 | D:1      | kae the Draconian Transmuter began the quest for the Orb.
     0 | D:1      | Reached XP level 1. HP: 16/16 MP: 3/3
   215 | D:1      | Succumbed to a kobold's poison

Illustrated notes

Levels and vault maps discovered:
D:1:      erik_arrival_blinker_ship, layout_basic, hangedman_decor_lopped

Action                   || total
-------------------------++-------
Melee: Unarmed           ||     9
       Tailslap          ||     2
       Kick              ||     1
       Headbutt          ||     1
 Cast: Beastly Appendage ||     4
Armor: Skin              ||     5
Dodge: Dodged            ||     8

Table legend: (Time is in decaauts)
 A = Elapsed time spent in this place.
 B = Non-inter-level travel time spent in this place.
 C = Inter-level travel time spent in this place.
 D = Time resting spent in this place.
 E = Time spent auto-exploring this place.
 F = Levels seen in this place.
 G = Mean time per level.
                   A        B        C        D        E       F      G
               +--------+--------+--------+--------+--------+-----+--------+
         Total |    214 |    214 |      0 |      0 |    176 |   1 |  214.0 |
       Dungeon |    214 |    214 |      0 |      0 |    176 |   1 |  214.0 |
               +--------+--------+--------+--------+--------+-----+--------+

Top non-repeatable levels by time:
     D:1: 214 daAuts
